 Dungeon Crawl Stone Soup version 0.26.0-10-g1f06aea511 (webtiles) character file.

Game seed: 17757021740388574834

9054 Amaterasu the Prestidigitator (level 11, -6/89 HPs)
             Began as a Red Draconian Artificer on Jan 30, 2021.
             Was a Priest of Nemelex Xobeh.
             Mangled by a cane toad (20 damage)
             ... on level 1 of the Lair of Beasts.
             The game lasted 00:35:37 (14643 turns).

Amaterasu the Prestidigitator (DrAr)               Turns: 14643, Time: 00:35:37

Health: -6/89      AC: 21    Str: 14    XL:     11   Next: 18%
Magic:  17/17      EV: 16    Int: 15    God:    Nemelex Xobeh [***...]
Gold:   856        SH:  0    Dex: 18    Spells: 10/10 levels left

rFire    + . .     SeeInvis .   j - +1 dagger (protect)
rCold    . . .     Faith    +   (no shield)
rNeg     . . .     Spirit   .   (armour unavailable)
rPois    .         Reflect  .   (helmet restricted)
rElec    .         Harm     .   a - +0 cloak
rCorr    .         Rampage  .   e - +1 pair of gloves
Will     .....                  (no boots)
Stlth    +++.......             g - amulet of faith
HPRegen  1.04/turn              B - +4 ring of protection
MPRegen  0.15/turn              o - +6 ring of dexterity

@: lethally poisoned (-6 -> -7), short of breath, protection aura
A: breathe fire, unfitting armour, antennae 1, blurry vision 1, fire resistance
1, regeneration 2, wild magic 1, cold-blooded, AC +7
a: Breathe Fire, Renounce Religion, Draw Escape, Draw Destruction, Draw
Summoning, Triple Draw


You were on level 1 of the Lair of Beasts.
You worshipped Nemelex Xobeh.
Nemelex Xobeh was most pleased with you.
You visited 3 branches of the dungeon, and saw 12 of its levels.

You collected 856 gold pieces.

Inventory:

Hand Weapons
 j - a +1 dagger of protection (weapon)
 G - a +1 vampiric dagger
Armour
 a - a +0 cloak (worn)
 e - a +1 pair of gloves (worn)
Jewellery
 d - a +6 ring of strength {unknown}
 g - an amulet of faith (around neck)
 m - an uncursed ring of positive energy
 n - an uncursed ring of stealth
 o - a +6 ring of dexterity (right hand)
 y - an uncursed ring of flight
 B - a +4 ring of protection (left hand)
 C - an uncursed ring of resist corrosion {unknown}
 J - an uncursed amulet of regeneration {unknown}
 K - an uncursed ring of wizardry {unknown}
 M - an uncursed amulet of regeneration {unknown}
Wands
 c - a wand of enslavement (14)
 A - a wand of polymorph (9)
 F - a wand of iceblast (1)
 H - a wand of paralysis (7)
Scrolls
 b - a scroll of fog
 l - 7 scrolls of remove curse
 p - 2 scrolls of amnesia
 q - a scroll of magic mapping
 s - 3 scrolls of fear
 u - 3 scrolls of teleportation
 E - 2 scrolls of enchant weapon
 I - a scroll of identify
Potions
 f - 4 potions of brilliance
 h - 2 potions of curing
 i - 4 potions of might
 k - a potion of heal wounds
 r - 4 potions of flight
 t - 2 potions of attraction
 v - a potion of resistance
 w - a potion of ambrosia {unknown}
 x - a potion of invisibility {unknown}
 z - 2 potions of haste
 D - 7 potions of degeneration
 L - 2 potions of cancellation {unknown}


   Skills:
 * Level 6.0 Fighting
 * Level 8.0 Short Blades
 * Level 6.0 Dodging
 * Level 6.0 Stealth
 - Level 9.0 Invocations
 - Level 9.0 Evocations


You had 10 spell levels left.
You didn't know any spells.
Your spell library was empty.

Dungeon Overview and Level Annotations

Branches:
Dungeon (10/15)            Temple (1/1) D:4            Lair (1/6) D:10
    Orc (0/2) D:9

Altars:
Ashenzari
Cheibriados
Dithmenos
Elyvilon
Fedhas
Gozag
Hepliaklqana
Kikubaaqudgha
Makhleb
Nemelex Xobeh
Okawaru
Qazlal
Ru
Sif Muna
Trog
Uskayaw
Vehumet
Wu Jian
Xom
Yredelemnul
Zin
The Shining One

Shops:
D:5 *


Innate Abilities, Weirdness & Mutations

You can breathe blasts of fire.
Your fiery red scales are hard. (AC +7)
You cannot fit into any form of body armour.
Your flesh is heat resistant. (rF+)
You are cold-blooded and may be slowed by cold attacks.
You have a pair of small antennae on your head.
Scrolls take you a little longer to read.
You heal very quickly.
Your spells are a little harder to cast, but a little more powerful.


Message History

You barely miss the cane toad.
You tail-slap the cane toad, but do no damage.
The cane toad is heavily wounded.
You feel sick. The cane toad completely misses you.
You hit the cane toad but do no damage.
Your weapon exudes an aura of protection.
The cane toad is heavily wounded.
You have got your breath back.
You feel sick. The cane toad barely misses you.
Press: ? - help, Shift-Dir - straight line, f/p - cane toad
Aim: a cane toad (heavily wounded)
You breathe a blast of fire.
The fiery breath hits the cane toad!
The cane toad is severely wounded.
You feel sick. The cane toad barely misses you.
You barely miss the cane toad.
You tail-slap the cane toad, but do no damage.
The cane toad is severely wounded.
You feel sick. The cane toad stings you!!
You die...
Your body glows with a rainbow of weird colours and disappears.

..##...............########....#
#..............##...#.####....##
................##..÷##.##...##
........#####..##.#....8....##
...###...# #P.###...........#
.##.#....# ##.....###.>....## #
#....^# ##.#.......#..## ...#
#...#......<..# ##
###@.#.......## #F#.......##
#§.#....### ##.###### #.## #..#
#..## ##..# ##.#


You could see a cane toad.

Vanquished Creatures
  The ghost of mopl the Covert, a novice OpBr of Ru (D:8)
  A komodo dragon (Lair:1)
  A troll (D:8)
  3 blink frogs (Lair:1)
  Prince Ribbit (D:5)
  Eustachio (D:5)
  2 wargs (D:10)
  A water moccasin (Lair:1)
  A black bear (D:8)
  A swamp drake (D:9)
  A sky beast (D:10)
  A necrophage (D:10)
  5 orc warriors
  2 ice beasts
  3 phantoms
  3 wolves (D:8)
  9 ogres
  7 centaurs
  9 bullfrogs
  2 scorpions
  3 wights (D:7)
  5 howler monkeys
  8 electric eels
  A quasit (D:8)
  A centaur skeleton (D:7)
  17 orc wizards
  11 orc priests
  Crazy Yiuf (D:3)
  A bullfrog skeleton (D:8)
  4 hounds
  Jessica (D:2)
  3 iguanas
  Natasha (D:2)
  Terence (D:2)
  12 worker ants
  4 hound skeletons
  A worker ant zombie (D:5)
  4 gnolls
  12 adders
  4 white imps
  3 ufetubi
  An adder zombie (D:5)
  2 adder skeletons
  5 worms
  2 dart slugs (D:1)
  4 leopard geckos
  76 orcs
  9 bats
  7 giant cockroaches
  11 goblins
  7 hobgoblins
  9 jackals
  6 quokkas
  4 frilled lizards
  5 kobolds
  A leopard gecko zombie (D:7)
  9 rats
  A toadstool (D:1)
312 creatures vanquished.

Vanquished Creatures (collateral kills)
  2 blink frogs (Lair:1)
2 creatures vanquished.

Vanquished Creatures (others)
  An unseen horror (D:10)
  A blink frog (Lair:1)
  An adder (D:10)
  6 fungi (D:1)
  2 plants (Lair:1)
  3 toadstools (D:1)
14 creatures vanquished.

Grand Total: 328 creatures vanquished

Notes
Turn   | Place    | Note
-------+----------+-------------------------------------------
     0 | D:1      | Amaterasu the Draconian Artificer began the quest for the
                  | Orb.
     0 | D:1      | Reached XP level 1. HP: 16/16 MP: 1/1
   394 | D:1      | Reached XP level 2. HP: 23/23 MP: 2/2
  1505 | D:2      | Noticed Terence
  1509 | D:2      | Killed Terence
  1510 | D:2      | Reached XP level 3. HP: 29/29 MP: 3/3
  2024 | D:2      | Noticed Jessica
  2032 | D:2      | Killed Jessica
  2033 | D:2      | Reached skill level 1 in Stealth
  2033 | D:2      | Reached XP level 4. HP: 36/36 MP: 4/4
  2155 | D:2      | Noticed Natasha
  2163 | D:2      | Killed Natasha
  2315 | D:3      | Reached skill level 1 in Short Blades
  2355 | D:3      | Reached XP level 5. HP: 37/41 MP: 5/5
  3364 | D:3      | Found a runed translucent door.
  3365 | D:3      | Noticed Crazy Yiuf
  3421 | D:3      | Noticed a moth of wrath
  3424 | D:3      | Found a bloodstained altar of Trog.
  3728 | D:3      | Killed Crazy Yiuf
  3729 | D:3      | Reached skill level 5 in Evocations
  3760 | D:4      | Found a staircase to the Ecumenical Temple.
  3769 | Temple   | Entered the Ecumenical Temple
  3950 | D:4      | Reached XP level 6. HP: 42/50 MP: 6/6
  4453 | D:4      | Found a sacrificial altar of Ru.
  5404 | D:5      | Entered Level 5 of the Dungeon
  5426 | D:5      | Your scales start taking on a fiery red colour.
  5426 | D:5      | Reached XP level 7. HP: 57/57 MP: 7/7
  5426 | D:5      | Gained mutation: Your flesh is heat resistant. (rF+) [Red
                  | Draconian growth]
  6468 | D:5      | Found Waukk's General Store.
  6597 | D:5      | Noticed Eustachio
  6609 | D:5      | Killed Eustachio
  6610 | D:5      | Reached XP level 8. HP: 64/66 MP: 8/8
  6639 | D:5      | Noticed Prince Ribbit
  6652 | D:5      | Killed Prince Ribbit
  6820 | D:5      | Found an iron altar of Okawaru.
  7498 | D:5      | Gained mutation: Your natural rate of healing is unusually
                  | fast. [potion of mutation]
  7498 | D:5      | Gained mutation: You tend to lose your temper in combat.
                  | [potion of mutation]
  7498 | D:5      | Gained mutation: Your mind is acute. (Int +2) [potion of
                  | mutation]
  7499 | D:5      | Lost mutation: You tend to lose your temper in combat.
                  | [potion of mutation]
  7499 | D:5      | Lost mutation: Your mind is acute. (Int +2) [potion of
                  | mutation]
  7499 | D:5      | Gained mutation: You are dopey. (Int -2) [potion of
                  | mutation]
  7499 | D:5      | Gained mutation: You are frail. (-10% HP) [potion of
                  | mutation]
  7499 | D:5      | Gained mutation: Your spells are a little easier to cast,
                  | but a little less powerful. [potion of mutation]
  7499 | D:5      | Gained mutation: You heal very quickly. [potion of
                  | mutation]
  7500 | D:5      | Lost mutation: You are dopey. (Int -2) [potion of mutation]
  7500 | D:5      | Lost mutation: You are frail. (-10% HP) [potion of
                  | mutation]
  7500 | D:5      | Lost mutation: Your spells are a little easier to cast, but
                  | a little less powerful. [potion of mutation]
  7500 | D:5      | Gained mutation: You have a pair of small antennae on your
                  | head. [potion of mutation]
  7500 | D:5      | Gained mutation: Scrolls take you a little longer to read.
                  | [potion of mutation]
  7500 | D:5      | Gained mutation: Your spells are a little harder to cast,
                  | but a little more powerful. [potion of mutation]
  8354 | D:6      | Found a glowing golden altar of the Shining One.
  8354 | D:6      | Found a blossoming altar of Fedhas.
  8449 | D:6      | Found a sparkling altar of Nemelex Xobeh.
  8457 | D:6      | Became a worshipper of Nemelex Xobeh the Trickster
  8708 | D:7      | Reached skill level 5 in Short Blades
  8708 | D:7      | Reached skill level 5 in Dodging
  8745 | D:7      | Reached XP level 9. HP: 48/73 MP: 9/9
  8853 | D:7      | Reached skill level 1 in Invocations
  8986 | D:7      | Reached skill level 5 in Fighting
  9103 | D:7      | Reached skill level 5 in Stealth
  9356 | D:7      | Found a stormy altar of Qazlal.
  9657 | D:7      | HP: 3/74 [orc warrior/+0 battleaxe (23)]
 10005 | D:8      | Found a runed translucent door.
 10119 | D:8      | Reached * piety under Nemelex Xobeh
 10175 | D:8      | Found a glowing silver altar of Zin.
 10207 | D:8      | Noticed Grum
 10214 | D:8      | Noticed Grum
 10214 | D:8      | Grum changed into Grum the wolf
 10258 | D:8      | Killed Grum the wolf
 10297 | D:8      | Found a broken altar of Ashenzari.
 10626 | D:8      | Received a gift from Nemelex Xobeh
 10824 | D:8      | Reached XP level 10. HP: 61/81 MP: 11/13
 10857 | D:8      | Found a white marble altar of Elyvilon.
 11066 | D:8      | Noticed mopl's ghost (novice OpBr)
 11082 | D:8      | Killed mopl's ghost
 12044 | D:9      | Reached ** piety under Nemelex Xobeh
 12274 | D:9      | Found a snail-covered altar of Cheibriados.
 12329 | D:9      | Found an opulent altar of Gozag.
 12330 | D:9      | Found an ornate altar of the Wu Jian Council.
 12332 | D:9      | Found a sparkling altar of Nemelex Xobeh.
 12333 | D:9      | Found a white marble altar of Elyvilon.
 12333 | D:9      | Received a gift from Nemelex Xobeh
 12538 | D:9      | Found a staircase to the Orcish Mines.
 12684 | D:10     | Entered Level 10 of the Dungeon
 12764 | D:10     | Reached skill level 5 in Invocations
 12843 | D:10     | Found a staircase to the Lair.
 13269 | D:10     | Killed an unseen horror
 13319 | D:10     | Reached *** piety under Nemelex Xobeh
 14111 | Lair:1   | Entered Level 1 of the Lair of Beasts
 14130 | Lair:1   | Reached XP level 11. HP: 88/89 MP: 16/16
 14163 | Lair:1   | HP: 4/89 [komodo dragon (19)]
 14643 | Lair:1   | Mangled by a cane toad

Illustrated notes

Levels and vault maps discovered:
D:1:      nicolae_arrival_memento_mori, layout_basic, minmay_gold_behind_fungi,
          minivault_25, columned_hall_lemuel, item_on_display_a
D:2:      layout_loops_corners, uniq_jessica, uniq_terence, uniq_natasha
D:3:      layout_rooms, tgw_trog, chequers_jeans, kennysheep_generic_room_15,
          uniq_crazy_yiuf_cottage
D:4:      layout_basic, nicolae_overflow_crystal_walls,
          minmay_temple_entry_statues_pillars, st_stairs_4, grunt_tough_drop
D:5:      layout_gridville, okawaru_altar_gauntlet_db, serial_shops, shop,
          uniq_eustachio, uniq_prince_ribbit1
D:6:      layout_loops_ring, gammafunk_temple_overflow_elements, basic_altar,
          grunt_ministairs_1
D:7:      layout_loops_ring, minmay_misc_feat_more_columns, grunt_qazlal_clouds
D:8:      layout_rooms, zin_treasury, lemuel_doored_altar,
          ebering_ghost_reflecting_pool, special_room [special_room_orc],
          chequers_serial_rivers_large_b, elyvilon_altar_3, uniq_grum
D:9:      layout_big_octagon, minitemple, erik_orc_1, eino_tiny_chamber,
          dk_vineyard_3
D:10:     layout_basic, erik_lair_orcish_takeover, kennysheep_doodads,
          grunt_ministairs_7, hangedman_decor_lopped
Temple:   compressed_dpeg_circular_temple
Lair:1:   layout_cave_pods, grunt_megastairs_5, serial_bayou_shore_a,
          infiniplex_staircase_pool, serial_bayou_shore_b,
          minmay_lair_oklob_chamber

Skill      XL: |  1  2  3  4  5  6  7  8  9 10 11 |
---------------+----------------------------------+-----
Evocations     | 4 5 6 7 8 9 |  9.0
Fighting       | 2 3 4 5 6 |  6.0
Stealth        | 1 2 4 5 6 |  6.0
Short Blades   | 1 2 4 5 6 8 |  8.0
Dodging        | 3 4 5 6 |  6.0
Invocations    | 4 7 9 |  9.0

Action                   |  1- 3 |  4- 6 |  7- 9 | 10-12 || total
-------------------------+-------+-------+-------+-------++-------
Melee: Club              |    56 |       |       |       ||    56
       Tailslap          |    16 |    66 |   221 |   154 ||   457
       Dagger            |    93 |   406 |  1207 |   827 ||  2533
Invok: Draw Destruction  |       |       |       |     8 ||     8
       Draw Escape       |       |       |       |     2 ||     2
 Abil: Breathe Fire      |       |       |    20 |    25 ||    45
Evoke: Wand              |     6 |    13 |    14 |    12 ||    45
  Use: Scroll            |     2 |    15 |     3 |     8 ||    28
       Potion            |       |     1 |     3 |     3 ||     7
 Stab: Sleeping          |     1 |     1 |    20 |     5 ||    27
       Distracted        |       |       |     1 |     1 ||     2
       Confused          |       |       |     1 |       ||     1
       Paralysed         |       |       |     1 |       ||     1
Armor: Skin              |    50 |    76 |   251 |   253 ||   630
Dodge: Dodged            |   106 |   226 |   728 |   552 ||  1612
